Dernière mise à jour: 2025-12-07 16:11:59
% Time on Ice - SASKATOON DUCKS
Lines # - Real PCT - Wanted PCT - Time Play
Normal Forward
1 - 38% - 36% - 16:33
2 - 27% - 31% - 11:53
3 - 26% - 23% - 11:16
4 - 9% - 10% - 3:59
Normal Defense
1 - 33% - 36% - 14:26
2 - 32% - 31% - 14:07
3 - 32% - 23% - 14:02
4 - 3% - 10% - 1:06
PP Forward
1 - 50% - 55% - 5:51
2 - 50% - 45% - 5:50
PP Defense
1 - 61% - 55% - 7:08
2 - 39% - 45% - 4:33
PK Forward
1 - 48% - 55% - 1:54
2 - 52% - 45% - 2:04
PK Defense
1 - 37% - 55% - 1:28
2 - 63% - 45% - 2:30
PK3 Forward
1 - 0% - 55%
2 - 0% - 45%
PK3 Defense
1 - 0% - 55%
2 - 0% - 45%
44 Forward
1 - 0% - 55%
2 - 0% - 45%
44 Defense
1 - 0% - 55%
2 - 0% - 45%
Last Minute Offensive  - 0:00
Last Minute Defensive  - 0:40
Total
Forward - 60:00
Defense - 60:00
% Time on Ice - COLORADO GLACIERCATS
Lines # - Real PCT - Wanted PCT - Time Play
Normal Forward
1 - 36% - 35% - 15:39
2 - 29% - 35% - 12:50
3 - 28% - 29% - 12:16
4 - 7% - 1% - 2:56
Normal Defense
1 - 38% - 37% - 16:36
2 - 36% - 35% - 15:47
3 - 22% - 23% - 9:32
4 - 4% - 5% - 1:46
PP Forward
1 - 51% - 50% - 2:01
2 - 49% - 50% - 1:57
PP Defense
1 - 57% - 60% - 2:16
2 - 43% - 40% - 1:42
PK Forward
1 - 52% - 50% - 5:26
2 - 48% - 50% - 5:07
PK Defense
1 - 47% - 50% - 4:59
2 - 53% - 50% - 5:34
PK3 Forward
1 - 56% - 50% - 0:38
2 - 44% - 50% - 0:30
PK3 Defense
1 - 40% - 50% - 0:27
2 - 60% - 50% - 0:41
44 Forward
1 - 0% - 50%
2 - 0% - 50%
44 Defense
1 - 0% - 50%
2 - 0% - 50%
Last Minute Offensive  - 0:40
Last Minute Defensive  - 0:00
Total
Forward - 60:00
Defense - 60:00
Play-by-Play 1st period 0:01 of 1st period - Leon Draisaitl wins face-off versus Sidney Crosby in neutral zone. 0:23 of 1st period - Icing by Devon Toews. 0:24 of 1st period - Leon Draisaitl wins face-off versus Jordan Staal in COLORADO GLACIERCATS zone. 0:47 of 1st period - Shot by Leon Draisaitl. 0:47 of 1st period - Stopped by Tristan Jarry without a rebound. 0:48 of 1st period - Robert Fabbri wins face-off versus Tage Thompson in SASKATOON DUCKS zone. 0:48 of 1st period - Robert Fabbri is hit by Jamie Benn. 1:18 of 1st period - Mathieu Joseph is hit by Tage Thompson and loses puck. 1:25 of 1st period - Shot by Tage Thompson. 1:25 of 1st period - Shot Misses the Net. 1:31 of 1st period - Shot by Tage Thompson. 1:31 of 1st period - Shot Blocked by Emil Martinsen Lilleberg. 1:55 of 1st period - Shot by Nic Dowd. 1:55 of 1st period - Shot Misses the Net. 1:58 of 1st period - Nic Dowd is hit by Jake Sanderson and loses puck. 2:03 of 1st period - Shot by Alexander Wennberg. 2:03 of 1st period - Shot Misses the Net. 2:04 of 1st period - Minor Penalty to T.J. Brodie for Boarding. 2:05 of 1st period - Jordan Staal wins face-off versus Leon Draisaitl in SASKATOON DUCKS zone. 2:28 of 1st period - Shot by Leon Draisaitl. 2:28 of 1st period - Shot Misses the Net. 2:40 of 1st period - Shot by Tomas Hertl. 2:40 of 1st period - Shot Misses the Net. 2:42 of 1st period - Shot by Tomas Hertl. 2:42 of 1st period - Stopped by Tristan Jarry with a rebound. 2:46 of 1st period - Shot by Bryan Rust. 2:46 of 1st period - Stopped by Tristan Jarry without a rebound. 2:47 of 1st period - Tage Thompson wins face-off versus Ryan Strome in SASKATOON DUCKS zone. 2:50 of 1st period - Shot by Jamie Benn. 2:50 of 1st period - Stopped by Tristan Jarry without a rebound. 2:51 of 1st period - Tage Thompson wins face-off versus Ryan Strome in SASKATOON DUCKS zone. 4:30 of 1st period - Shot by Sidney Crosby. 4:30 of 1st period - Shot Misses the Net. 4:43 of 1st period - Icing by Jamie Oleksiak. 4:44 of 1st period - Nic Dowd wins face-off versus Jordan Staal in COLORADO GLACIERCATS zone. 5:27 of 1st period - Icing by Devon Toews. 5:28 of 1st period - Tage Thompson wins face-off versus Sidney Crosby in COLORADO GLACIERCATS zone. 5:50 of 1st period - Icing by Devon Toews. 5:51 of 1st period - Ryan Strome wins face-off versus Tage Thompson in COLORADO GLACIERCATS zone. 5:51 of 1st period - Kasperi Kapanen is hit by Devon Toews and loses puck. 6:04 of 1st period - Minor Penalty to Tage Thompson for Hooking. 6:05 of 1st period - Jordan Staal wins face-off versus Alexander Wennberg in COLORADO GLACIERCATS zone. 6:08 of 1st period - Shot by Jake Sanderson. 6:08 of 1st period - Shot Misses the Net. 6:10 of 1st period - Shot by Jordan Staal. 6:10 of 1st period - Deflect By Ivan Barbashev. 6:10 of 1st period - Stopped by Andrei Vasilevskiy without a rebound. 6:11 of 1st period - Alexander Wennberg wins face-off versus Sidney Crosby in COLORADO GLACIERCATS zone. 6:36 of 1st period - Shot by Sidney Crosby. 6:36 of 1st period - Stopped by Andrei Vasilevskiy with a rebound. 6:38 of 1st period - Shot by Jake Sanderson. 6:38 of 1st period - Shot Misses the Net. 6:54 of 1st period - Shot by Jake Sanderson. 6:54 of 1st period - Stopped by Andrei Vasilevskiy with a rebound. 6:56 of 1st period - Shot by T.J. Brodie. 6:56 of 1st period - Shot Misses the Net. 6:58 of 1st period - Shot by Jake Guentzel. 6:58 of 1st period - Goal by Jake Guentzel - SASKATOON DUCKS : 1 - COLORADO GLACIERCATS : 0. 6:59 of 1st period - Leon Draisaitl wins face-off versus Mathieu Joseph in neutral zone. 7:22 of 1st period - Shot by Leon Draisaitl. 7:22 of 1st period - Stopped by Tristan Jarry without a rebound. 7:23 of 1st period - Jordan Staal wins face-off versus Tage Thompson in SASKATOON DUCKS zone. 7:54 of 1st period - Shot by Vince Dunn. 7:54 of 1st period - Shot Misses the Net. 7:56 of 1st period - Shot by Jamie Benn. 7:56 of 1st period - Stopped by Tristan Jarry without a rebound. 7:57 of 1st period - Sidney Crosby wins face-off versus Leon Draisaitl in SASKATOON DUCKS zone. 8:16 of 1st period - Shot by Tomas Hertl. 8:16 of 1st period - Shot Misses the Net. 8:28 of 1st period - Shot by Tomas Hertl. 8:28 of 1st period - Stopped by Tristan Jarry without a rebound. 8:29 of 1st period - Alexander Wennberg wins face-off versus Robert Fabbri in SASKATOON DUCKS zone. 8:39 of 1st period - T.J. Brodie is hit by Nic Dowd and loses puck. 8:51 of 1st period - Minor Penalty to Mario Ferraro for Hooking. 8:52 of 1st period - Alexander Wennberg wins face-off versus Sidney Crosby in COLORADO GLACIERCATS zone. 9:02 of 1st period - Icing by Ben Chiarot. 9:03 of 1st period - Tage Thompson wins face-off versus Sidney Crosby in SASKATOON DUCKS zone. 9:20 of 1st period - Shot by Jake Guentzel. 9:20 of 1st period - Stopped by Andrei Vasilevskiy without a rebound. 9:21 of 1st period - Alexander Wennberg wins face-off versus Jordan Staal in COLORADO GLACIERCATS zone. 9:29 of 1st period - Ivan Barbashev is hit by Jamie Benn and loses puck. 9:42 of 1st period - Double Minor Penalty to Jamie Oleksiak for High sticking. 9:43 of 1st period - Tomas Hertl wins face-off versus Sidney Crosby in COLORADO GLACIERCATS zone. 9:43 of 1st period - Tomas Hertl is hit by Sidney Crosby. 10:09 of 1st period - Shot by Sidney Crosby. 10:09 of 1st period - Shot Misses the Net. 10:11 of 1st period - Shot by Samuel Girard. 10:11 of 1st period - Stopped by Andrei Vasilevskiy without a rebound. 10:12 of 1st period - Jordan Staal wins face-off versus Alexander Wennberg in COLORADO GLACIERCATS zone. 10:25 of 1st period - Shot by Ivan Barbashev. 10:25 of 1st period - Stopped by Andrei Vasilevskiy without a rebound. 10:26 of 1st period - Alexander Wennberg wins face-off versus Jake Guentzel in COLORADO GLACIERCATS zone. 10:57 of 1st period - Shot by Sidney Crosby. 10:57 of 1st period - Stopped by Andrei Vasilevskiy without a rebound. 10:58 of 1st period - Alexander Wennberg wins face-off versus Jordan Staal in COLORADO GLACIERCATS zone. 11:27 of 1st period - Shot by Jordan Staal. 11:27 of 1st period - Stopped by Andrei Vasilevskiy without a rebound. 11:28 of 1st period - Sidney Crosby wins face-off versus Tage Thompson in COLORADO GLACIERCATS zone. 11:43 of 1st period - Shot by Sidney Crosby. 11:43 of 1st period - Shot Blocked by Erik Karlsson. 11:56 of 1st period - Off-side. 11:57 of 1st period - Jordan Staal wins face-off versus Nic Dowd in neutral zone. 12:39 of 1st period - Shot by Jordan Staal. 12:39 of 1st period - Shot Misses the Net. 13:29 of 1st period - Shot by Jake Sanderson. 13:29 of 1st period - Shot Misses the Net. 14:01 of 1st period - Shot by Mathieu Joseph. 14:01 of 1st period - Stopped by Andrei Vasilevskiy with a rebound. 14:17 of 1st period - Shot by Bryan Rust. 14:17 of 1st period - Stopped by Tristan Jarry without a rebound. 14:18 of 1st period - Tage Thompson wins face-off versus Ryan Strome in SASKATOON DUCKS zone. 14:45 of 1st period - Shot by Jamie Benn. 14:45 of 1st period - Shot Blocked by Samuel Girard. 15:13 of 1st period - Shot by Jake Guentzel. 15:13 of 1st period - Goal by Jake Guentzel - SASKATOON DUCKS : 2 - COLORADO GLACIERCATS : 0. 15:14 of 1st period - Leon Draisaitl wins face-off versus Sidney Crosby in neutral zone. 15:27 of 1st period - Shot by Tomas Hertl. 15:27 of 1st period - Shot Misses the Net. 16:29 of 1st period - Shot by Alexander Wennberg. 16:29 of 1st period - Shot Blocked by Erik Gustafsson. 16:35 of 1st period - Shot by Alexander Wennberg. 16:35 of 1st period - Deflect By Mike Hoffman. 16:35 of 1st period - Shot Misses the Net. 16:37 of 1st period - Shot by Dylan Samberg. 16:37 of 1st period - Shot Misses the Net. 16:47 of 1st period - Shot by Alexander Wennberg. 16:47 of 1st period - Stopped by Tristan Jarry with a rebound. 17:02 of 1st period - Icing by Jake Guentzel. 17:03 of 1st period - Tage Thompson wins face-off versus Sidney Crosby in SASKATOON DUCKS zone. 17:20 of 1st period - Shot by Tage Thompson. 17:20 of 1st period - Shot Misses the Net. 17:28 of 1st period - Shot by Tage Thompson. 17:28 of 1st period - Deflect By Zach Parise. 17:28 of 1st period - Goal by Zach Parise - SASKATOON DUCKS : 2 - COLORADO GLACIERCATS : 1. 17:29 of 1st period - Bryan Rust wins face-off versus Ondrej Palat in neutral zone. 17:32 of 1st period - Shot by Leon Draisaitl. 17:32 of 1st period - Stopped by Tristan Jarry without a rebound. 17:33 of 1st period - Leon Draisaitl wins face-off versus Jordan Staal in SASKATOON DUCKS zone. 17:36 of 1st period - Shot by Bryan Rust. 17:36 of 1st period - Shot Misses the Net. 17:38 of 1st period - Shot by Bryan Rust. 17:38 of 1st period - Shot Misses the Net. 17:52 of 1st period - Shot by Leon Draisaitl. 17:52 of 1st period - Stopped by Tristan Jarry without a rebound. 17:53 of 1st period - Alexander Wennberg wins face-off versus Robert Fabbri in SASKATOON DUCKS zone. 17:53 of 1st period - Vince Dunn is hit by Ben Chiarot and loses puck. 17:58 of 1st period - Shot by Alexander Wennberg. 17:58 of 1st period - Shot Blocked by Mathieu Joseph. 18:00 of 1st period - Shot by Alexander Wennberg. 18:00 of 1st period - Shot Misses the Net. 18:02 of 1st period - Shot by Mario Ferraro. 18:02 of 1st period - Shot Misses the Net. 18:05 of 1st period - Minor Penalty to Samuel Girard for High sticking. 18:06 of 1st period - Tage Thompson wins face-off versus Jordan Staal in SASKATOON DUCKS zone. 18:11 of 1st period - Shot by Bryan Rust. 18:11 of 1st period - Shot Misses the Net. 18:13 of 1st period - Shot by Jamie Benn. 18:13 of 1st period - Stopped by Tristan Jarry with a rebound. 18:15 of 1st period - Shot by Vince Dunn. 18:15 of 1st period - Stopped by Tristan Jarry without a rebound. 18:16 of 1st period - Jordan Staal wins face-off versus Leon Draisaitl in SASKATOON DUCKS zone. 19:43 of 1st period - Shot by Ryan Strome. 19:43 of 1st period - Deflect By Ivan Barbashev. 19:43 of 1st period - Shot Blocked by Mario Ferraro. Goals for this period are 2 for SASKATOON DUCKS vs 1 for COLORADO GLACIERCATS. Shots for this period are 11 for SASKATOON DUCKS vs 14 for COLORADO GLACIERCATS. 2nd period 0:01 of 2nd period - Jordan Staal wins face-off versus Tage Thompson in neutral zone. 0:11 of 2nd period - Alexander Wennberg is hit by Ivan Barbashev and loses puck. 0:40 of 2nd period - Shot by Ivan Barbashev. 0:40 of 2nd period - Shot Misses the Net. 1:25 of 2nd period - Shot by Tage Thompson. 1:25 of 2nd period - Stopped by Tristan Jarry without a rebound. 1:26 of 2nd period - Jordan Staal wins face-off versus Leon Draisaitl in SASKATOON DUCKS zone. 1:42 of 2nd period - Leon Draisaitl is hit by T.J. Brodie. 1:46 of 2nd period - Shot by Bryan Rust. 1:46 of 2nd period - Shot Blocked by Jake Sanderson. 1:49 of 2nd period - Icing by Jake Sanderson. 1:50 of 2nd period - Jordan Staal wins face-off versus Tage Thompson in SASKATOON DUCKS zone. 1:54 of 2nd period - Off-side. 1:55 of 2nd period - Tage Thompson wins face-off versus Sidney Crosby in neutral zone. 2:05 of 2nd period - Jake Guentzel is hit by Jamie Benn and loses puck. 2:12 of 2nd period - Shot by Sidney Crosby. 2:12 of 2nd period - Stopped by Andrei Vasilevskiy without a rebound. 2:13 of 2nd period - Jordan Staal wins face-off versus Leon Draisaitl in COLORADO GLACIERCATS zone. 2:20 of 2nd period - Shot by Jordan Staal. 2:20 of 2nd period - Goal by Jordan Staal - SASKATOON DUCKS : 3 - COLORADO GLACIERCATS : 1. 2:21 of 2nd period - Leon Draisaitl wins face-off versus Jordan Staal in neutral zone. 2:26 of 2nd period - Shot by Leon Draisaitl. 2:26 of 2nd period - Shot Misses the Net. 2:28 of 2nd period - Shot by Bryan Rust. 2:2